[Event "FIDE WSTC-50-65 2022"]
[Site "Acqui Terme"]
[Date "2022.06.26"]
[Round "6.16"]
[White "Kierzek, Matthias"]
[Black "Berthelot, Yannick"]
[Result "1/2-1/2"]
[ECO "A80"]
[WhiteElo "2224"]
[BlackElo "2242"]
[Annotator "RC"]
[PlyCount "95"]
[EventDate "2022.06.20"]
[EventType "team-tourn"]
[EventCountry "ITA"]
[SourceTitle "playchess.com"]
[Source "ChessBase"]
[SourceQuality "1"]
[TimeControl "40/5400+30:1800+30"]

1. d4 f5 2. Bg5 g6 3. Nc3 Bg7 4. e3 d6 5. Bc4 Nf6 6. h4 h6 7. Bxf6 Bxf6 8. Nge2 e5 9. dxe5 dxe5 10. Qxd8+ Bxd8 11. O-O-O Nc6 12. Bb5 Bd7 13. f4 e4 14. Nd4 Nxd4 15. Bxd7+ Kxd7 16. Rxd4+ Ke6 17. g3 Be7 18. Nd5 Bd6 19. Rhd1 Rac8 20. R4d2 Rhd8 21. Nc3 a6 22. Ne2 Rg8 23. Nd4+ Kf6 24. Rh1 Bc5 25. c3 Rcd8 26. Rg2 h5 27. Rd1 Rd6 28. Rgd2 Rgd8 29. Nc2 Rxd2 30. Rxd2 Rxd2 31. Kxd2 Ke6 32. Nd4+ Kd5 33. Ne2 b5 34. b3 Be7 35. Nd4 c6 36. Nc2 a5 37. Ke2 Bd6 38. Kd2 Bf8 39. Ke2 Be7 40. Kd2 Bc5 41. Ke2 Be7 42. Kd2 a4 43. Ke2 Kc5 44. Kd2 Kb6 45. Nd4 axb3 46. axb3 c5 47. Ne6 Ka5 48. Kc2 1/2-1/2

[Event "FIDE WSTC-50-65 2022"]
[Site "Acqui Terme"]
[Date "2022.06.27"]
[Round "7.1"]
[White "Kaidanov, Gregory"]
[Black "Sturua, Zurab"]
[Result "1/2-1/2"]
[ECO "D35"]
[WhiteElo "2556"]
[BlackElo "2530"]
[Annotator "TA"]
[PlyCount "35"]
[EventDate "2022.06.20"]
[EventType "team-tourn"]
[EventCountry "ITA"]
[SourceTitle "playchess.com"]
[Source "ChessBase"]
[SourceQuality "1"]
[TimeControl "40/5400+30:1800+30"]

1. d4 Nf6 2. c4 e6 3. Nc3 d5 4. cxd5 exd5 5. Bg5 Nbd7 6. e3 h6 {[%emt 0:00:30] D35: Queen's Gambit Declined: Exchange Variation.} 7. Bf4 a6 8. Bd3 {[%emt 0:00:30] [#]} Nb6 $146 {[%emt 0:00:30] White is slightly better.} ({Predecessor:} 8... c5 9. dxc5 Nxc5 10. Nge2 Be7 11. O-O O-O 12. Rc1 Be6 13. Nd4 Qd7 14. Bb1 Rac8 {1-0 (58) Goryachkina,A (2593)-Musalov,R (2359) Sochi 2021}) 9. Nf3 Bd6 10. Ne5 Qe7 11. O-O Nbd7 12. Nxd7 Bxd7 13. Qf3 c6 14. Bxd6 Qxd6 15. e4 ({White should play} 15. Na4 $14) 15... dxe4 $15 16. Nxe4 Nxe4 (16... Qxd4 $15 17. Rad1 Nxe4 18. Bxe4 Qf6) 17. Qxe4+ $11 Be6 18. Bc4 {[%emt 0:10:30] Weighted Error Value: White=0.14 (very precise) /Black=0.11 (very precise)} 1/2-1/2

[Event "FIDE WSTC-50-65 2022"]
[Site "Acqui Terme"]
[Date "2022.06.27"]
[Round "7.2"]
[White "Giorgadze, Giorgi"]
[Black "Shabalov, Alexander"]
[Result "0-1"]
[ECO "A40"]
[WhiteElo "2584"]
[BlackElo "2504"]
[Annotator "TA"]
[PlyCount "60"]
[EventDate "2022.06.20"]
[EventType "team-tourn"]
[EventCountry "ITA"]
[SourceTitle "playchess.com"]
[Source "ChessBase"]
[SourceQuality "1"]
[TimeControl "40/5400+30:1800+30"]

1. d4 g6 2. g3 Bg7 3. Bg2 c5 4. e3 Nf6 5. Ne2 O-O 6. O-O {[%emt 0:00:30] A40: Unusual replies to 1 d4.} d5 7. Nbc3 cxd4 8. exd4 {[%emt 0:01:30] The position is equal.} Nc6 9. Be3 b6 10. h3 Ba6 11. g4 ({White should play} 11. a4 $11) 11... e6 $15 12. Re1 {[%emt 0:04:30] [#]} Rc8 $146 ({Predecessor:} 12... Bxe2 13. Nxe2 Na5 14. b3 Rc8 15. Rc1 b5 16. c3 Re8 17. Qd2 Qb6 18. Nf4 Bf8 {1-0 (37) Vujicic,M (2236)-Djurasinov,B (2175) Belgrade 2016}) 13. Ng3 Ne8 14. a3 Nd6 15. Nce2 $1 Nc4 16. Bc1 Qh4 17. c3 e5 18. b3 Nd6 19. Be3 Rfd8 20. Qd2 h6 {[%emt 0:00:30][%cal Od6e4] Inhibits Bg5.} 21. f3 {[%emt 0:03:30] Inhibits Ne4.} f5 {[%emt 0:07:30] Black is more active.} ({Better is} 21... Nb5 $17 {[%cal Ob5c3] Strongly threatening ...Nxc3!} 22. Bf2 exd4 23. cxd4 Nbxd4 $1 ) 22. Nf1 $2 {[%emt 0:06:36] [#]} ({Don't play} 22. dxe5 Nxe5 23. gxf5 (23. Qxd5+ $2 Ndf7 $19) 23... gxf5 $17) (22. Bf2 $15 fxg4 23. fxg4) 22... Bxe2 (22... f4 23. Bf2 Qf6 24. dxe5 Qxe5 25. Nxf4 Qxc3 26. Rac1 (26. Qxd5+ Nf7 $15) 26... Qxd2 27. Nxd2 $11) (22... fxg4 $1 $19 23. hxg4 Bxe2 24. Qxe2 exd4) 23. Qxe2 (23. Bf2 $17 Qf6 24. dxe5 Nxe5 25. Qxe2 (25. Rxe2 fxg4 26. Bd4 Nxf3+ 27. Bxf3 Qxf3 $17) 25... fxg4 26. fxg4) 23... exd4 $19 24. Bf2 Qf6 25. Rad1 (25. Bxd4 $142 Nxd4 26. cxd4) 25... dxc3 26. Rxd5 f4 27. Rc1 Nf7 {[%emt 0:01:42] Black is clearly winning.} 28. Rxd8+ Qxd8 29. Qe4 Nd4 {[%emt 0:02:34] White must now prevent ...Ng5.} 30. b4 Ng5 {[%emt 0:01:10] Weighted Error Value: White=0.54/Black=0.12 (very precise)} 0-1

[Event "FIDE WSTC-50-65 2022"]
[Site "Acqui Terme"]
[Date "2022.06.27"]
[Round "7.3"]
[White "Ehlvest, Jaan"]
[Black "Bagaturov, Giorgi"]
[Result "1-0"]
[ECO "A34"]
[WhiteElo "2517"]
[BlackElo "2413"]
[Annotator "TA"]
[PlyCount "100"]
[EventDate "2022.06.20"]
[EventType "team-tourn"]
[EventCountry "ITA"]
[SourceTitle "playchess.com"]
[Source "ChessBase"]
[SourceQuality "1"]
[TimeControl "40/5400+30:1800+30"]

1. e4 c5 2. Nf3 e6 3. c4 Nc6 4. Be2 Nf6 5. Nc3 d5 6. e5 {[%emt 0:07:30] A34: Symmetrical English: 2 Nc3, lines with ...d5.} Ng4 7. cxd5 exd5 8. Bb5 {[%emt 0:00:30] The position is equal.} d4 9. Ne4 Bd7 {[%emt 0:16:30] [#]} 10. O-O $146 (10. Bxc6 $5 Bxc6 11. d3 $11) ({Predecessor:} 10. Qe2 Ncxe5 11. Bxd7+ Qxd7 12. Nxe5 Nxe5 13. f4 d3 14. Qe3 Ng4 15. Nf6+ Kd8 16. Nxg4 Qxg4 {½-½ (53) Ehlvest,J (2581)-Quesada Perez,Y (2580) Merida 2008}) 10... Ngxe5 11. Re1 {[%emt 0:10:30] Strongly threatening Bxc6.} Be7 {[%emt 0:04:30] [#]} 12. Nxc5 $1 Nxf3+ (12... Bxc5 13. Nxe5) 13. Qxf3 O-O 14. Nxd7 ({But not} 14. Nxb7 Qb6 15. Rxe7 Qxb5 $17) 14... Qxd7 15. d3 Bb4 16. Rd1 Rfe8 17. a3 Bd6 18. Bd2 a6 19. Bxc6 Qxc6 20. Qxc6 bxc6 21. Rac1 c5 22. b4 cxb4 23. axb4 Rab8 24. Rc4 Red8 25. Re1 Bf8 26. g4 Rb5 27. Kg2 h6 28. Re4 Rbd5 29. Rc6 (29. h3 $14) 29... Rb5 $11 30. Rc4 (30. Rxa6 $11 {should be considered.} Bxb4 31. Bf4) 30... Rbd5 $1 $14 31. f4 g6 32. Kf3 R5d6 {[%emt 0:00:31] Black is now going downhill.} 33. h4 Rd5 34. Re5 R5d7 35. h5 Bg7 36. Rec5 {[%emt 0:01:07] White is more active.} gxh5 37. Rxh5 Re8 (37... Rd6 $142 38. f5 Rb6) 38. Rhc5 Kh7 39. Rc7 Ree7 (39... Rde7 $16 {might work better.}) 40. Rxd7 $18 Rxd7 {[%emt 0:00:00][%mdl 4096] Endgame KRB-KRB} 41. Rc6 Rb7 42. Rxa6 Bf8 43. f5 Bxb4 (43... Rb8 $142 44. Ke4 h5 45. gxh5 Bxb4) 44. Rxh6+ {[%emt 0:02:30] White is clearly winning.} Kg7 (44... Kg8 $142 45. Bf4 Bf8) 45. f6+ Kg8 46. Bxb4 Rxb4 47. Ke4 Rb1 48. g5 Rg1 49. Rh5 (49. Kxd4 $142 Rf1 50. Ke5) 49... Re1+ 50. Kxd4 Re8 {[%emt 0:00:30] Weighted Error Value: White=0.10 (very precise) /Black=0.22 (precise)} 1-0

[Event "FIDE WSTC-50-65 2022"]
[Site "Acqui Terme"]
[Date "2022.06.27"]
[Round "7.4"]
[White "Ioseliani, Nana"]
[Black "Sokolin, Leonid"]
[Result "1/2-1/2"]
[ECO "B32"]
[WhiteElo "2475"]
[BlackElo "2464"]
[Annotator "TA"]
[PlyCount "29"]
[EventDate "2022.06.20"]
[EventType "team-tourn"]
[EventCountry "ITA"]
[SourceTitle "playchess.com"]
[Source "ChessBase"]
[SourceQuality "1"]
[TimeControl "40/5400+30:1800+30"]

1. e4 c5 2. Nf3 Nc6 3. d4 cxd4 4. Nxd4 e5 5. Nb5 d6 6. c4 Be6 7. N1c3 a6 8. Na3 Rc8 9. Be3 {[%emt 0:02:30] B32: Sicilian: Löwenthal and Kalashnikov Variations.} g6 {[%emt 0:06:00] [#]} 10. Nd5 $146 ({Predecessor:} 10. Be2 Bg7 11. O-O Nf6 12. Qd2 O-O 13. Rfd1 Nd7 14. Qxd6 Nd4 15. Rxd4 exd4 16. Bxd4 {0-1 (34) Lobanov,S (2516)-Khanin,S (2482) Chess.com INT 2020}) 10... Bg7 11. Bb6 {[%emt 0:11:30] White is slightly better.} Qd7 {[%emt 0:00:30] The position is equal.} 12. Be2 Nf6 13. Be3 {[%emt 0:05:30] Nb6 is the strong threat.} Qd8 14. Bb6 Qd7 15. Be3 {[%emt 0:00:30] Weighted Error Value: White=0.12 (very precise) /Black=0.06 (flawless)} 1/2-1/2

[Event "FIDE WSTC-50-65 2022"]
[Site "Acqui Terme"]
[Date "2022.06.27"]
[Round "7.5"]
[White "Peelen, Piet"]
[Black "Adams, Michael"]
[Result "1/2-1/2"]
[ECO "E01"]
[WhiteElo "2354"]
[BlackElo "2698"]
[Annotator "TA"]
[PlyCount "74"]
[EventDate "2022.06.20"]
[EventType "team-tourn"]
[EventCountry "ITA"]
[SourceTitle "playchess.com"]
[Source "ChessBase"]
[SourceQuality "1"]
[TimeControl "40/5400+30:1800+30"]

1. d4 Nf6 2. c4 e6 3. g3 d5 4. Nf3 Bb4+ 5. Bd2 Bd6 6. Bg2 {[%emt 0:00:30] E01: Catalan: Early deviations.} c6 7. Qc2 Nbd7 8. O-O {[%emt 0:03:30] White has an edge.} O-O 9. Rd1 Ne4 {[%emt 0:00:30] The main line 9...Ne4 scores better than 9...Qe7.} 10. Nc3 Nxd2 11. Rxd2 f5 12. e3 Qe7 13. Ne2 {[%emt 0:07:30] [#]} a5 $146 ({Predecessor:} 13... Nf6 14. Rdd1 Bd7 15. Nf4 Be8 16. a3 Ne4 17. Ne5 g5 18. Nfd3 h5 19. b4 Kh8 {1-0 (51) Topalov,V (2813)-Ponomariov,R (2727) Zuerich 2009}) 14. Nf4 a4 15. Rc1 Nf6 16. Qd1 Bd7 17. Rdc2 Be8 18. Ne5 g5 19. Nfd3 Bh5 20. Qe1 Kh8 21. b4 axb3 22. axb3 Ra3 23. b4 Rfa8 24. b5 dxc4 25. Rxc4 cxb5 26. Rc8+ Be8 27. Rxa8 Rxa8 28. Nc5 {[%emt 0:00:22] Pair of Knights!} Ra7 29. Qc3 Kg7 30. Qb3 Bxc5 31. dxc5 Nd7 32. Nxd7 (32. Nf3 {keeps more tension.} Kh6 33. Qb2 Qf6 34. Qxb5 Ra1 35. Qc4) 32... Bxd7 {[%emt 0:00:30] The position is equal.} 33. Bf1 Bc6 34. Bxb5 Bf3 35. Be2 Bc6 36. Bb5 Bf3 37. Be2 Bc6 {Weighted Error Value: White=0.06 (flawless) /Black=0.07 (flawless)} 1/2-1/2

[Event "FIDE WSTC-50-65 2022"]
[Site "Acqui Terme"]
[Date "2022.06.27"]
[Round "7.6"]
[White "Short, Nigel D"]
[Black "Welling, Gerard"]
[Result "1-0"]
[ECO "B06"]
[WhiteElo "2622"]
[BlackElo "2262"]
[Annotator "TA"]
[PlyCount "55"]
[EventDate "2022.06.20"]
[EventType "team-tourn"]
[EventCountry "ITA"]
[SourceTitle "playchess.com"]
[Source "ChessBase"]
[SourceQuality "1"]
[TimeControl "40/5400+30:1800+30"]

1. e4 c6 2. d4 g6 3. c3 Bg7 4. f4 d5 5. e5 h5 6. Na3 {[%emt 0:04:30] B06: Modern Defence.} Nh6 7. Nc2 {[%emt 0:00:30] [#]} a5 $146 ({Predecessor:} 7... Bg4 8. Qd2 Bf5 9. Ne3 e6 10. b3 Nd7 11. Ba3 Qa5 12. Bd6 Bf8 13. b4 Qd8 14. Bxf8 Kxf8 15. Nf3 a5 16. a3 b5 17. Be2 axb4 18. cxb4 Nb6 19. O-O {½-½ (19) Petras,M-Simsa,O Prague 1994}) 8. a4 {[%emt 0:01:30] White is slightly better.} Na6 9. Ne3 Nf5 10. Bd3 Nxe3 11. Bxe3 Bg4 12. Nf3 e6 13. O-O Bf8 14. Qd2 Be7 15. Rfb1 Nb8 16. b4 axb4 17. cxb4 Nd7 18. Qc2 Bf5 19. Bxf5 gxf5 20. b5 c5 21. dxc5 Bxc5 22. Nd4 Bb6 23. Rc1 {[%emt 0:01:30] 0x0.00207c5e7e1edp-1022s more active pieces.} h4 24. Kh1 Rg8 25. Qd1 ({Better is} 25. a5 $16 Bxa5 26. Nb3) 25... Nf8 ({Black should try} 25... Kf8 $14) 26. Ra3 (26. a5 $18 Rxa5 27. Rxa5 Bxa5 28. Nb3) 26... Rc8 $2 {[%emt 0:04:35][%mdl 8192] [#]} (26... Ng6 $14) 27. Rxc8 Qxc8 28. a5 {[%emt 0:00:00] Weighted Error Value: White=0.20 (precise) /Black=0.49} ({Weaker is} 28. Nxf5 exf5 29. Bxb6 Ne6 $18) 1-0

[Event "FIDE WSTC-50-65 2022"]
[Site "Acqui Terme"]
[Date "2022.06.27"]
[Round "7.7"]
[White "Tolhuizen, Ludo"]
[Black "Hebden, Mark L"]
[Result "0-1"]
[ECO "C48"]
[WhiteElo "2022"]
[BlackElo "2452"]
[Annotator "TA"]
[PlyCount "98"]
[EventDate "2022.06.20"]
[EventType "team-tourn"]
[EventCountry "ITA"]
[SourceTitle "playchess.com"]
[Source "ChessBase"]
[SourceQuality "1"]
[TimeControl "40/5400+30:1800+30"]

1. e4 e5 2. Nf3 Nc6 3. Nc3 Nf6 4. Bb5 Nd4 5. Nxd4 exd4 6. e5 dxc3 7. exf6 Qxf6 8. dxc3 Bc5 9. Qe2+ Qe6 10. O-O {[%emt 0:00:30] C48: Four Knights: 4 Bb5, replies other than 4...Bb4.} Qxe2 11. Bxe2 d6 12. Re1 {[%emt 0:06:30] The position is equal.} O-O 13. Bf4 a5 14. a4 Be6 15. Rad1 {[%emt 0:09:30] [#]} Rfe8 $146 ({Predecessor:} 15... h6 16. Bf3 Rae8 17. Be3 Bxe3 18. Rxe3 Bd7 19. Rde1 Rxe3 20. Rxe3 Be6 21. Kf1 Rb8 {1-0 (57) Nunn,J (2602)-Hebden,M (2540) Katerini 2014}) 16. Bd3 h6 17. h4 Kf8 18. Kf1 Bd7 19. Bb5 Bxb5+ 20. axb5 a4 21. Ra1 Rxe1+ 22. Kxe1 $11 {[%emt 0:02:30][%mdl 4096] Endgame KRB-KRB} Ke7 23. Ke2 Kd7 24. Be3 Bxe3 25. Kxe3 {[%emt 0:00:00] KR-KR} c6 26. bxc6+ Kxc6 27. Kd3 b5 28. Re1 Kd7 {[%emt 0:00:30] Prevents Re7+.} 29. Re4 a3 30. bxa3 Rxa3 31. g3 g5 32. hxg5 hxg5 33. Rb4 Kc6 34. f4 g4 35. f5 Ra4 36. Rb1 Rc4 37. Re1 Rc5 {[%emt 0:00:30] Hoping for ...Rd5+.} 38. Rf1 Rd5+ 39. Ke3 Re5+ 40. Kd3 Kc5 41. Rf4 f6 42. c4 b4 43. Rf1 d5 44. cxd5 Rxd5+ 45. Ke4 $2 (45. Ke3 $15) 45... Rd4+ $19 46. Ke3 Rc4 47. Kd2 Kd5 48. Re1 {[%emt 0:01:15] [#]} Rd4+ $1 49. Kc1 {[%emt 0:00:07] [#]} Re4 $1 {[%emt 0:00:30] Inhibits Re6.  Weighted Error Value: White=0.22 (precise) /Black=0.01 (flawless)} 0-1

[Event "FIDE WSTC-50-65 2022"]
[Site "Acqui Terme"]
[Date "2022.06.27"]
[Round "7.8"]
[White "Arkell, Keith C"]
[Black "Smeets, Pierre"]
[Result "1-0"]
[ECO "A12"]
[WhiteElo "2367"]
[BlackElo "1990"]
[Annotator "TA"]
[PlyCount "83"]
[EventDate "2022.06.20"]
[EventType "team-tourn"]
[EventCountry "ITA"]
[SourceTitle "playchess.com"]
[Source "ChessBase"]
[SourceQuality "1"]
[TimeControl "40/5400+30:1800+30"]

1. c4 c6 2. Nf3 Nf6 3. b3 d5 4. Bb2 Bf5 5. d3 e6 6. Nbd2 h6 7. g3 Bh7 8. Bg2 Be7 9. O-O O-O 10. Qc2 {[%emt 0:01:00] A12: English Opening: 1...c6 with b3 by White.} a5 11. Rfc1 Na6 12. a3 {[%emt 0:00:30] [#] The position is equal.} Nc7 $146 ({Predecessor:} 12... Re8 13. Ne5 Bd6 14. Ndf3 Nc5 15. b4 Ncd7 16. c5 Nxe5 17. Nxe5 Bxe5 18. Bxe5 Nd7 19. Bc3 {½-½ (67) Artemiev,V (2524)-Vitiugov,N (2734) Khanty-Mansiysk 2013}) 13. Bd4 Nd7 14. Ne5 Nxe5 15. Bxe5 Bf6 16. Bxf6 Qxf6 17. Qc3 Qxc3 18. Rxc3 Rfd8 19. Nf3 Kf8 20. Rc2 Ke7 21. Rac1 f6 22. cxd5 Nxd5 23. Nd2 Nb6 24. Rb1 Rd7 25. b4 axb4 26. axb4 Rc8 27. Nb3 Nd5 28. b5 Rdc7 29. bxc6 Rxc6 30. Rxc6 bxc6 31. Na5 Rc7 32. Rb8 Bg6 33. Rg8 Kf7 34. Ra8 Ke7 35. f4 Be8 36. Kf2 g5 37. fxg5 hxg5 38. h4 gxh4 39. gxh4 f5 40. Nc4 Nf6 41. Ke3 Rb7 (41... Nd5+ $11 {remains equal.} 42. Kf2 c5) 42. Kf4 {[%emt 0:04:30] Weighted Error Value: White=0.06 (flawless) /Black=0.11 (very precise)} 1-0

[Event "FIDE WSTC-50-65 2022"]
[Site "Acqui Terme"]
[Date "2022.06.27"]
[Round "7.9"]
[White "Nunn, John D M"]
[Black "Hardicsay, Peter"]
[Result "1-0"]
[ECO "B38"]
[WhiteElo "2568"]
[BlackElo "2192"]
[Annotator "TA"]
[PlyCount "77"]
[EventDate "2022.06.20"]
[EventType "team-tourn"]
[EventCountry "ITA"]
[SourceTitle "playchess.com"]
[Source "ChessBase"]
[SourceQuality "1"]
[TimeControl "40/5400+30:1800+30"]

1. e4 c5 2. Nf3 g6 3. d4 cxd4 4. Nxd4 Bg7 5. c4 Nc6 6. Be3 Nf6 7. Nc3 d6 8. Be2 O-O 9. O-O Bd7 10. Qd2 Nxd4 11. Bxd4 Bc6 12. f3 a5 13. b3 Nd7 14. Bf2 Nc5 15. Rab1 Be5 {[%emt 0:30:30] B38: Sicilian: Maroczy Bind with 5...Bg7 and 7...0-0.} 16. Rfd1 {[%emt 0:07:30] [#] was the old line (16.Bd1).} Ne6 $146 ({Predecessor:} 16... e6 17. Bd4 Qe7 18. Bxe5 dxe5 19. Qe3 Na6 20. Rd2 Rfd8 21. Rbd1 Rxd2 22. Rxd2 Rd8 23. Rxd8+ Qxd8 24. g3 Nb4 25. Kf2 Nc2 26. Qd3 Qb6+ 27. Kg2 Ne1+ {0-1 (27) Banikas,H (2568)-Henriquez Villagra,C (2517) Doha 2016}) 17. Be3 f5 {[%emt 0:06:30] White is slightly better.} 18. exf5 Rxf5 19. Nd5 {[%emt 0:02:30] And now f4 would win.} Bxd5 20. cxd5 Nc5 21. f4 Bg7 22. Bg4 Rf8 23. Rbc1 b6 24. Qe2 Kh8 25. Qb5 Rb8 26. a3 Qe8 27. Qxe8 Rfxe8 28. b4 axb4 29. axb4 Ne4 30. Rc7 (30. Bd7 $16) 30... b5 31. Re1 {[%emt 0:04:30] White is more active.} (31. Bd7 $16) 31... Ra8 32. Bd7 Rf8 33. Bc6 {[%emt 0:00:30] A strong pair of Bishops.} Ra4 34. Rxe7 Rxb4 35. g3 Nc3 36. Rd7 Re4 {[%emt 0:00:36][%cal Oe4e3] aiming for ...Rxe3!} 37. Bf2 ({Much worse is} 37. Rxd6 {[#]} Rxe3 $1 38. Rxe3 Bd4 $15) (37. Kg2 $14) 37... Rxe1+ $11 38. Bxe1 {[%emt 0:00:30][%cal Od7g7] Hoping for Rxg7!} Rb8 $2 {[%emt 0:00:22][%mdl 8192] [#]} (38... Bd4+ $11 39. Kg2 Rb8) 39. Rxg7 $1 {[%emt 0:00:30][%mdl 512] Weighted Error Value: White=0.13 (very precise) /Black=0.31} 1-0

[Event "FIDE WSTC-50-65 2022"]
[Site "Acqui Terme"]
[Date "2022.06.27"]
[Round "7.10"]
[White "Vegh, Endre"]
[Black "Littlewood, Paul E"]
[Result "1/2-1/2"]
[ECO "E24"]
[WhiteElo "2225"]
[BlackElo "2347"]
[Annotator "TA"]
[PlyCount "81"]
[EventDate "2022.06.20"]
[EventType "team-tourn"]
[EventCountry "ITA"]
[SourceTitle "playchess.com"]
[Source "ChessBase"]
[SourceQuality "1"]
[TimeControl "40/5400+30:1800+30"]

1. d4 Nf6 2. c4 e6 3. Nc3 Bb4 4. a3 Bxc3+ 5. bxc3 d6 6. f3 Nh5 {[%emt 0:02:30] 6...c5 is the modern continuation.} 7. Nh3 {[%emt 0:02:30] E24: Nimzo-Indian: Sämisch: Unusual Black 5th moves and 5...c5 sidelines.} e5 {[%emt 0:01:30] [#] Hoping for ...Bxh3.} 8. g4 $146 ({Predecessor:} 8. Nf2 f5 9. dxe5 dxe5 10. Qxd8+ Kxd8 11. e4 Nf6 12. exf5 Bxf5 13. Be3 Nc6 14. Be2 Re8 {½-½ (22) Bosiocic,M (2555)-Kurajica,B (2532) Sibenik 2012}) 8... Qh4+ 9. Nf2 {[%emt 0:01:30] The position is equal.} Nf6 10. Be3 Nc6 11. Qd2 {[%emt 0:05:30] [#]} h6 {[%emt 0:00:30] Prevents Bg5.} 12. O-O-O (12. g5 $15 hxg5 13. Bxg5) 12... Na5 $19 13. Qd3 Be6 14. d5 Bd7 15. Nh3 Nh7 {[%emt 0:09:30] Pair of Knights!} 16. Bf2 Qf6 17. e4 Ng5 18. Nxg5 hxg5 19. Bg3 Ba4 20. Re1 a6 21. Kd2 Bb3 22. Ke3 Bxc4 23. Qd1 b5 {[%emt 0:00:30] Prevents Qa4.} 24. Kf2 Kd7 25. Kg2 Bxf1+ 26. Rhxf1 Nc4 27. Qc1 (27. a4 $142) 27... Qd8 (27... Qh6 $142 28. Kg1 Nb6) 28. Re2 f6 29. Rh1 c5 30. dxc6+ Kxc6 31. Rd1 Qa5 32. Ra2 Qa4 {[%emt 0:00:34][%cal Oa4d1] Threatens to win with ...Qxd1!} 33. Re1 Qb3 34. Qa1 Qa4 ({Black should play} 34... a5 $17 {Strongly threatening ...Kd7.} 35. a4 bxa4) 35. Rb1 $2 {[%emt 0:02:45] [#]} (35. Qc1 $1 $11) 35... a5 $1 36. Bf2 Rhd8 37. Rd1 Qb3 $2 (37... Kd7 $19 {...Ke7 is the strong threat.} 38. Qb1 Ke7) 38. Rb1 $2 {[%emt 0:00:13] Chess con chili.} (38. a4 $16 b4 39. Rb1 Qxc3 40. Rc1 Qxa1 41. Rxc4+ Kd7 42. Rxa1) 38... Qa4 39. Rd1 g6 ({Black should try} 39... Kd7 $19 40. Qb1 Ke7) 40. Qb1 $17 Rab8 41. Qd3 {[%emt 0:15:38] Weighted Error Value: White=0.28 (precise) /Black=0.31} 1/2-1/2

[Event "FIDE WSTC-50-65 2022"]
[Site "Acqui Terme"]
[Date "2022.06.27"]
[Round "7.11"]
[White "Povah, Nigel E"]
[Black "Dory, Jeno"]
[Result "1/2-1/2"]
[ECO "A45"]
[WhiteElo "2201"]
[BlackElo "2196"]
[Annotator "RC"]
[PlyCount "99"]
[EventDate "2022.06.20"]
[EventType "team-tourn"]
[EventCountry "ITA"]
[SourceTitle "playchess.com"]
[Source "ChessBase"]
[SourceQuality "1"]
[TimeControl "40/5400+30:1800+30"]

1. d4 Nf6 2. Bg5 Ne4 3. Bf4 d5 4. e3 Bf5 5. Bd3 e6 6. g4 Bg6 7. h4 h5 8. f3 hxg4 9. fxe4 Rxh4 10. Rxh4 Qxh4+ 11. Kd2 dxe4 12. Be2 c5 13. c3 Nc6 14. Bb5 Rc8 15. Qb3 Qe7 16. Na3 f6 17. Nc4 Qd7 18. Ke1 cxd4 19. cxd4 Kf7 20. Rc1 Kg8 21. Ne2 Bf7 22. Bg3 Qd5 23. Nd2 Bb4 24. Nc3 Bxc3 25. Rxc3 Qg5 26. Nxe4 Qh5 27. Nf2 Qf5 28. e4 Qg5 29. Kf1 Kh7 30. Qa4 Be8 31. Be2 Rd8 32. Bxg4 Ne5 33. Qd1 f5 34. Bxf5+ exf5 35. Bxe5 Bb5+ 36. Ke1 Qg1+ 37. Kd2 Qxf2+ 38. Kc1 Be2 39. Qh1+ Kg8 40. Rc7 Qe3+ 41. Kb1 Qxe4+ 42. Qxe4 fxe4 43. Rxg7+ Kf8 44. Rxb7 Rc8 45. b4 Bd3+ 46. Kb2 a6 47. Rb8 Rxb8 48. Bxb8 Ke7 49. a4 Ke6 50. Kc3 1/2-1/2

[Event "FIDE WSTC-50-65 2022"]
[Site "Acqui Terme"]
[Date "2022.06.27"]
[Round "7.12"]
[White "Szabolcsi, Janos"]
[Black "Snape, Ian L"]
[Result "1/2-1/2"]
[ECO "D10"]
[WhiteElo "2233"]
[BlackElo "2112"]
[Annotator "RC"]
[PlyCount "48"]
[EventDate "2022.06.20"]
[EventType "team-tourn"]
[EventCountry "ITA"]
[SourceTitle "playchess.com"]
[Source "ChessBase"]
[SourceQuality "1"]
[TimeControl "40/5400+30:1800+30"]

1. d4 c5 2. c3 cxd4 3. cxd4 d5 4. Nc3 Nc6 5. Bf4 e5 6. dxe5 d4 7. Ne4 Bf5 8. Ng3 Bg6 9. Nf3 Qb6 10. Qb3 Bb4+ 11. Bd2 Nge7 12. a3 Bxd2+ 13. Nxd2 Qa5 14. e4 dxe3 15. fxe3 O-O 16. Qb5 Qxb5 17. Bxb5 Nxe5 18. O-O Bd3 19. Bxd3 Nxd3 20. Nf5 Nxf5 21. Rxf5 Rac8 22. Rd5 Rfd8 23. Rxd8+ Rxd8 24. b4 Kf8 1/2-1/2